 Dungeon Crawl Stone Soup version 0.29.0-15-g675c0067aa (webtiles) character file.

Game seed: 8259468428859885579

775 raph the Digger (level 7, -3/36 HPs)
             Began as a Gargoyle Earth Elementalist on Sept 11, 2022.
             Was a Follower of Sif Muna.
             Slain by an ogre
             ... wielding a +0 giant club
              (26 damage)
             ... on level 5 of the Dungeon.
             The game lasted 00:07:40 (5675 turns).

raph the Digger (Gargoyle Earth Elementalist)       Turns: 5675, Time: 00:07:41

Health: -3/36      AC:  7    Str: 11    XL:     7   Next: 84%
Magic:  2/12       EV: 12    Int: 18    God:    Sif Muna [*.....]
Gold:   178        SH:  0    Dex: 10    Spells: 2/13 levels left

rFire   . . .      SeeInvis .   a - +2 dagger (venom)
rCold   . . .      Faith    .   (no shield)
rNeg    + . .      Spirit   .   e - +0 robe
rPois   ∞          Reflect  .   l - +0 helmet
rElec   +          Harm     .   (no cloak)
rCorr   .          Rampage  .   (no gloves)
Will    .....                   (no boots)
Stlth   +++.......              (no amulet)
HPRegen 0.12/turn               (no ring)
MPRegen 0.13/turn               (no ring)

@: no status effects
A: sickness immunity, AC +4, negative energy resistance 1, electricity
resistance, torment resistance 1, petrification resistance
a: Renounce Religion, Channel Magic


You were on level 5 of the Dungeon.
You worshipped Sif Muna.
Sif Muna was aware of your devotion.
You visited 1 branch of the dungeon, and saw 5 of its levels.

You collected 178 gold pieces.

Inventory:

Hand Weapons
 a - a +2 dagger of venom (weapon)
 b - a +0 morningstar
 d - a +0 sling
 g - a +2 dagger of freezing
Missiles
 t - 2 poisoned darts
Armour
 e - a +0 robe (worn)
 l - a +0 helmet (worn)
Wands
 s - a wand of polymorph (8)
Scrolls
 h - 2 scrolls of teleportation
 o - a scroll of magic mapping
 p - a scroll of blinking
 r - 2 scrolls of identify
Potions
 c - 2 potions of flight
 f - 2 potions of brilliance {unknown}
 i - 2 potions of haste {unknown}
 j - a potion of heal wounds {unknown}
 k - a potion of might {unknown}
 m - a potion of mutation {unknown}
 n - a potion of curing {unknown}
 q - a potion of attraction {unknown}
 u - a potion of magic


   Skills:
 + Level 3.3 Dodging
 + Level 4.8 Stealth
 + Level 3.8 Spellcasting
 + Level 0.2 Conjurations
 - Level 0.7 Transmutations
 * Level 0.2 Fire Magic
 * Level 7.4 Earth Magic
 * Level 0.6 Invocations


You had 2 spell levels left.
You knew the following spells:

 Your Spells              Type           Power      Damage    Failure   Level
a - Sandblast             Erth           60%        2d14      1%          1
b - Passwall              Tmut/Erth      15%        N/A       4%          2
c - Stone Arrow           Conj/Erth      34%        3d9       10%         3
d - Foxfire               Conj/Fire      16%        2x1d4     14%         1
e - Petrify               Tmut/Erth      18%        N/A       28%         4

Your spell library contained the following spells:

 Spells                   Type           Power      Damage    Failure   Level
 Conjure Flame            Conj/Fire      4%         6-21      38%         3
 Inner Flame              Hex/Fire       3%         N/A       41%         3
 Flame Wave               Conj/Fire      4%         2d5       80%         4


Dungeon Overview and Level Annotations

Branches:
Dungeon (5/15)
 Temple: D:4-7

Altars:
Sif Muna

Annotations:
D:2 Terence
D:4 exclusion: door


Innate Abilities, Weirdness & Mutations

You are immune to sickness and miasma.
Your stone body is resilient. (AC +4)
You are immune to poison.
You resist negative energy. (rN+)
You are resistant to electric shocks. (rElec)
You are resistant to unholy torment.
You are immune to petrification.


Message History

a - a +2 dagger of venom (weapon);
e - a +0 robe (worn)
Adjust (i)tems, (s)pells, or (a)bilities?
Okay, then.
Unknown command.
Adjust (i)tems, (s)pells, or (a)bilities?
u - a +0 morningstar Adjust to which letter? (? for menu, Esc to quit)
b - a +0 morningstar;
u - a potion of magic
Aiming: Sandblast (safe; 1% risk of failure)
Press: ? - help, Q - select action, (/) - cycle Shift-Dir - straight line, f - ogre
Aim: an ogre, wielding a +0 giant club (92% to hit)
The blast of sand misses the ogre.
Aiming: Sandblast (safe; 1% risk of failure)
Press: ? - help, Q - select action, (/) - cycle Shift-Dir - straight line, f/p - ogre
Aim: an ogre, wielding a +0 giant club (92% to hit)
The blast of sand hits the ogre!
The ogre is heavily wounded.
Casting: Sandblast (safe; 1% risk of failure)
Confirm with . or Enter, or press ? or * to list all spells.
Aiming: Stone Arrow (quite dangerous; 10% risk of failure)
Press: ? - help, Shift-Dir - straight line, f/p - ogre
Aim: an ogre, wielding a +0 giant club (heavily wounded, 85% to hit)
The stone arrow misses the ogre.
The ogre hits you with a +0 giant club! The ogre misses you.
Casting: Stone Arrow (quite dangerous; 10% risk of failure)
Confirm with . or Enter, or press ? or * to list all spells.
Aiming: Stone Arrow (quite dangerous; 10% risk of failure)
Press: ? - help, Shift-Dir - straight line, f/p - ogre
Aim: an ogre, wielding a +0 giant club (heavily wounded, 85% to hit)
The stone arrow misses the ogre.
Casting: Stone Arrow (quite dangerous; 10% risk of failure)
Confirm with . or Enter, or press ? or * to list all spells.
Aiming: Stone Arrow (quite dangerous; 10% risk of failure)
Press: ? - help, Shift-Dir - straight line, f/p - ogre
Aim: an ogre, wielding a +0 giant club (heavily wounded, 85% to hit)
The stone arrow hits the ogre!
The ogre is severely wounded.
The ogre hits you with a +0 giant club!!
Ouch! That really hurt!
You die...

.#..#............#.#
.#..#..............#
.#..#..#.....###.###
.#..#..#.##### #.#
.####....# #.#
.#......## #.#
.#.....## #.#
...###.# #.# ...#
#.# #@# .### #.# #O#
.# #.# #.# .#####.#
#.####.## .#.....#
#.......# .#.#####
######### .#.# .#.#
.#.#


You could see an ogre.

Vanquished Creatures
  An ice beast (D:5)
  An ogre (D:5)
  A phantom (D:4)
  A scorpion (D:5)
  4 hounds
  An orc priest (D:5)
  A jelly (D:4)
  An iguana (D:5)
  Ijyb (D:5)
  Natasha (thrice) (D:3)
  An orc wizard (D:4)
  Robin (D:4)
  3 adders
  A white imp (D:5)
  2 worms (D:2)
  4 dart slugs
  8 orcs
  2 ball pythons
  4 endoplasms
  2 giant cockroaches
  16 goblins
  4 hobgoblins
  3 jackals (D:4)
  2 kobolds
  3 quokkas
  4 bats
  A frilled lizard (D:1)
  6 rats
82 creatures vanquished.

Vanquished Creatures (others)
  27 foxfires
27 creatures vanquished.

Grand Total: 109 creatures vanquished

Notes
Turn   | Place    | Note
-------+----------+-------------------------------------------
     0 | D:1      | raph the Gargoyle Earth Elementalist began the quest for
                  | the Orb.
     0 | D:1      | Reached XP level 1. HP: 10/10 MP: 3/3
     0 | D:1      | Noticed a large abomination
     7 | D:1      | Noticed a shadow dragon
     8 | D:1      | Noticed an ice dragon
     9 | D:1      | Noticed an iron dragon
    11 | D:1      | Noticed a tentacled monstrosity
    13 | D:1      | Noticed a tentacled monstrosity
    15 | D:1      | Noticed an orb of fire
    15 | D:1      | Noticed an orb of fire
    15 | D:1      | Noticed an orb of fire
    17 | D:1      | Noticed a green draconian
    17 | D:1      | Noticed a large abomination
    17 | D:1      | Noticed a large abomination
    19 | D:1      | Noticed an ice dragon
    19 | D:1      | Noticed an orb of fire
   248 | D:1      | Reached XP level 2. HP: 15/15 MP: 3/5
   314 | D:1      | Found a faded altar of an unknown god.
   351 | D:1      | Learned a level 2 spell: Passwall
   550 | D:1      | Reached skill level 4 in Earth Magic
   562 | D:1      | Learned a level 1 spell: Foxfire
  1010 | D:2      | Reached XP level 3. HP: 19/19 MP: 2/6
  1726 | D:2      | Noticed Terence
  2060 | D:3      | Noticed Natasha
  2064 | D:3      | Killed Natasha
  2065 | D:3      | Reached XP level 4. HP: 15/24 MP: 4/7
  2069 | D:3      | Learned a level 3 spell: Stone Arrow
  2259 | D:3      | Noticed Natasha
  2264 | D:3      | Killed Natasha
  2344 | D:3      | Noticed Natasha
  2350 | D:3      | Killed Natasha
  2351 | D:3      | Reached skill level 5 in Earth Magic
  2351 | D:3      | Reached XP level 5. HP: 28/28 MP: 4/9
  2670 | D:4      | Found a shimmering blue altar of Sif Muna.
  2674 | D:4      | Became a worshipper of Sif Muna the Loreminder
  3222 | D:4      | Noticed Robin
  3262 | D:4      | Killed Robin
  3347 | D:4      | Reached XP level 6. HP: 32/32 MP: 2/10
  3431 | D:4      | Reached * piety under Sif Muna
  3543 | D:4      | Reached skill level 6 in Earth Magic
  4205 | D:5      | Entered Level 5 of the Dungeon
  4320 | D:5      | Reached XP level 7. HP: 36/36 MP: 7/12
  4709 | D:5      | Reached skill level 7 in Earth Magic
  5194 | D:5      | Noticed Ijyb
  5246 | D:5      | Killed Ijyb
  5305 | D:5      | Learned a level 4 spell: Petrify
  5675 | D:5      | Slain by an ogre

Illustrated notes

Levels and vault maps discovered:
D:1:      shiori_arrival_whats_in_store_for_you, layout_loops_ring,
          hellmonk_ecumenical_altar_blasted
D:2:      layout_loops_ring, minivault_5, minmay_fountain_box, uniq_terence
D:3:      layout_basic, uniq_natasha
D:4:      layout_cave_pods, led_sif_book, chequers_serial_rivers_large_b,
          uniq_robin
D:5:      layout_basic, minmay_misc_feat_columns, uniq_ijyb

Skill      XL: |  1  2  3  4  5  6  7 |
---------------+----------------------+-----
Earth Magic    | 4 5 6 7 |  7.4
Dodging        | 2 3 |  3.3
Stealth        | 3 4 |  4.8
Spellcasting   | 3 |  3.8
Conjurations   | |  0.2
Transmutations | |  0.7
Fire Magic     | |  0.2
Invocations    | |  0.6

Action                   |  1- 3 |  4- 6 |  7- 9 || total
-------------------------+-------+-------+-------++-------
Melee: Dagger            |     3 |    17 |       ||    20
       Punch             |       |     1 |       ||     1
 Cast: Sandblast         |    34 |    55 |    20 ||   109
       Foxfire           |    10 |     3 |     2 ||    15
       Passwall          |     1 |       |       ||     1
       Stone Arrow       |       |     7 |    16 ||    23
  Use: Scroll            |     7 |     3 |       ||    10
 Stab: Sleeping          |       |     1 |       ||     1
Armor: Robe              |     3 |    11 |     9 ||    23
Dodge: Dodged            |     8 |    32 |    16 ||    56
